 Dungeon Crawl Stone Soup version 0.30.1-3-gfc49f6343a (webtiles) character file.

Game seed: 17309678184552405330

70 monsoonserge the Covered (level 4, -2/41 HPs)
             Began as a Minotaur Fighter on Aug 5, 2023.
             Slain by an orc
             ... wielding a +0 trident
              (6 damage)
             ... on level 4 of the Dungeon.
             The game lasted 00:03:13 (1348 turns).

monsoonserge the Covered (Minotaur Fighter)         Turns: 1348, Time: 00:03:13

Health: -2/41      AC:  8    Str: 22    XL:     4   Next: 4%
Magic:  12/12      EV:  9    Int:  5    God:
Gold:   59         SH:  0    Dex: 10    Spells: 3/3 levels left

rFire   . . .        a - +0 war axe
rCold   . . .        c - +0 buckler
rNeg    . . .        b - +0 scale mail
rPois   .            (helmet restricted)
rElec   .            t - scarf {repulsion}
rCorr   .            f - +0 pair of gloves
SInv    .            (no boots)
Will    .....        (no amulet) Stlth
                     m - ring of magical power
HPRegen 0.26/turn    (no ring)
MPRegen 0.13/turn

%: repel missiles
@: confused
A: horns 2, retaliatory headbutt
a: no special abilities


You were on level 4 of the Dungeon.
You visited 1 branch of the dungeon, and saw 4 of its levels.

You collected 59 gold pieces.

Inventory:

Hand Weapons
 a - a +0 war axe (weapon)
Armour
 b - a +0 scale mail (worn)
 c - a +0 buckler (worn)
 f - a +0 pair of gloves (worn)
 t - a scarf of repulsion (worn)
Jewellery
 m - a ring of magical power (left hand)
Wands
 o - a wand of roots (3)
Scrolls
 g - a scroll of magic mapping {unknown}
 h - a scroll of enchant armour {unknown}
 k - a scroll of immolation {unknown}
 l - a scroll of poison {unknown}
 p - a scroll of summoning {unknown}
 q - 2 scrolls of teleportation {unknown}
 r - a scroll of acquirement {unknown}
 s - a scroll of enchant weapon {unknown}
 u - a scroll of fog {unknown}
Potions
 d - a potion of might
 e - 2 potions of curing
 i - 3 potions of heal wounds {unknown}
 j - a potion of haste {unknown}
 n - a potion of lignification {unknown}


   Skills:
 + Level 4.3 Fighting
 + Level 3.3 Axes
 + Level 4.5 Armour
 + Level 0.7 Dodging
 - Level 4.0 Shields


You had 3 spell levels left.
You didn't know any spells.
Your spell library was empty.

Dungeon Overview and Level Annotations

Branches:
Dungeon (4/15)
 Temple: D:4-7

Altars:

Shops:
D:1 ?


Innate Abilities, Weirdness & Mutations

You have a pair of horns on your head.
You reflexively headbutt those who attack you in melee.


Message History

You barely miss something. Your headbutt misses something. Something hits you.
Something hits you but does no damage. The orc closely misses you.
You're too confused to move!
Something hits you but does no damage.
The orc hits you from afar with a +0 trident.
You bump into the rock wall.
You hear some strange, mumbled words.
A puff of flame appears from out of thin air!
The puff of flame misses you.
The orc hits you from afar with a +0 trident.
You bump into the rock wall.
Something hits you. Something hits you but does no damage.
The orc barely misses you.
You miss something. Something hits you but does no damage.
The orc barely misses you. Something hits you.
You bump into the rock wall.
The orc closely misses you. Something hits you but does no damage.
You bump into the rock wall.
Something hits you but does no damage.
The orc hits you from afar with a +0 trident.
* * * LOW HITPOINT WARNING * * *
You bump into the rock wall.
Something hits you.
* * * LOW HITPOINT WARNING * * *
The orc hits you from afar with a +0 trident.
* * * LOW HITPOINT WARNING * * *
Something hits you but does no damage.
It was a potion of curing.
You feel better. Something hits you but does no damage.
The orc hits you but does no damage. Something hits you.
* * * LOW HITPOINT WARNING * * *
You closely miss something. Your headbutt misses something.
The orc barely misses you.
You hear some strange, mumbled words.
You are confused.
You closely miss something. Your headbutt misses something.
The orc hits you from afar with a +0 trident.
* * * LOW HITPOINT WARNING * * *
Something hits you but does no damage. Something hits you.
* * * LOW HITPOINT WARNING * * *
The orc hits you but does no damage.
You bump into the rock wall.
Something hits you but does no damage. x2
The orc hits you from afar with a +0 trident.
You die...

....#.........######
###.......##### #
..[.......# .#
....†...### ..#
........########### ...#
......>............ ....#
........#..########.....#
..............##.{o.....#
.##.#.........##@##.....#
# #...#..........# ....#
#..#######.##### ####
#... ...# #.#. ...###
#.## .. .


You could see an orc.

Vanquished Creatures
  2 adders (D:2)
  A worm (D:2)
  2 dart slugs
  An orc (D:4)
  4 ball pythons
  6 endoplasms (D:1)
  2 giant cockroaches
  A goblin (D:1)
  7 hobgoblins
  6 kobolds
  A quokka (D:2)
  3 bats
  3 frilled lizards
  3 rats
42 creatures vanquished.

Notes
Turn   | Place    | Note
-------+----------+-------------------------------------------
     0 | D:1      | monsoonserge the Minotaur Fighter began the quest for the
                  | Orb.
     0 | D:1      | Reached XP level 1. HP: 19/19 MP: 0/0
    34 | D:1      | Found Dan Fale's Magic Scroll Emporium.
    78 | D:1      | Reached XP level 2. HP: 27/27 MP: 1/1
   498 | D:1      | Reached XP level 3. HP: 33/33 MP: 2/2
  1284 | D:3      | Noticed an ice beast
  1304 | D:4      | Reached XP level 4. HP: 41/41 MP: 3/3
  1348 | D:4      | Slain by an orc

Illustrated notes

Levels and vault maps discovered:
D:1:      dpeg_arrival_chambers_temple_mockup, layout_rooms, serial_shops, shop
D:2:      layout_loops_cross
D:3:      layout_loops_ring, mainiacjoe_overflow_24_doors
D:4:      layout_rooms

Skill      XL: |  1  2  3 |
---------------+----------+-----
Shields        | 4 |  4.0
Fighting       | 4 |  4.3
Armour         | 4 |  4.5
Axes           | 3 |  3.3
Dodging        | |  0.7

Action                     |  1- 3 |  4- 6 || total
---------------------------+-------+-------++-------
  Melee: War axe           |    78 |    10 ||    88
         Headbutt          |    10 |     2 ||    12
    Use: Potion            |       |     1 ||     1
 Armour: Scale mail        |    45 |    20 ||    65
  Dodge: Dodged            |    23 |    10 ||    33
         Repelled          |       |     1 ||     1
  Block: Buckler           |    14 |     1 ||    15
